 Dungeon Crawl Stone Soup version 0.31-a0-1620-gcbf77bbcfc (webtiles) character file.

Game seed: 509375283889965461

1589 ragingrage the Skirmisher (level 8, -5/68 HPs)
             Began as a Hill Orc Hunter on Jan 11, 2024.
             Killed from afar by a steam dragon (18 damage)
             ... with a ball of steam
             ... on level 5 of the Dungeon.
             The game lasted 00:09:11 (6138 turns).

ragingrage the Skirmisher (Hill Orc Hunter)         Turns: 6138, Time: 00:09:12

Health: -5/68      AC: 11    Str: 14    XL:     8   Next: 92%
Magic:  8/8        EV: 11    Int:  9    God:
Gold:   215        SH:  0    Dex: 16    Spells: 7/7 levels left

rFire   . . .        b - +2 short sword (venom)
rCold   + . .        (no shield)
rNeg    + . .        r - +2 ring mail {rN+}
rPois   .            (no helmet)
rElec   .            (no cloak)
rCorr   .            A - +2 pair of gloves
SInv    .            l - +0 pair of boots
Will    .....        (no amulet)
Stlth   +            u - ring of protection from cold
HPRegen 0.31/turn    (no ring)
MPRegen 0.11/turn

%: no passive effects
@: no status effects
A: no striking features
a: no special abilities


You were on level 5 of the Dungeon.
You visited 1 branch of the dungeon, and saw 6 of its levels.

You collected 303 gold pieces.
You spent 88 gold pieces at shops.

Inventory:

Hand Weapons
 a - a +0 shortbow
 b - a +2 short sword of venom (weapon)
Armour
 l - a +0 pair of boots (worn)
 r - a +2 ring mail of positive energy (worn)
 A - a +2 pair of gloves (worn)
Jewellery
 u - a ring of protection from cold (left hand)
Wands
 x - a wand of charming (9)
Scrolls
 g - a scroll of fog {unknown}
 k - a scroll of teleportation {unknown}
 m - a scroll of acquirement {unknown}
 n - 2 scrolls of noise {unknown}
 p - a scroll of poison {unknown}
 q - 2 scrolls of identify {unknown}
 s - a scroll of fear {unknown}
 t - 2 scrolls of butterflies
 v - a scroll of enchant armour {unknown}
 y - a scroll of enchant weapon {unknown}
Potions
 c - a potion of brilliance {unknown}
 d - a potion of resistance {unknown}
 e - 2 potions of mutation {unknown}
 f - 3 potions of heal wounds
 i - a potion of lignification {unknown}
 j - 2 potions of ambrosia {unknown}
 o - 2 potions of curing
 w - a potion of haste {unknown}
 z - a potion of degeneration {unknown}


   Skills:
 - Level 5.0 Fighting
 * Level 9.9 Ranged Weapons
 - Level 1.5 Dodging
 - Level 2.0 Stealth


You had 7 spell levels left.
You didn't know any spells.
Your spell library contained the following spells:

 Spells                   Type           Power      Damage    Failure   Level
 Magic Dart               Conj           0%         1d3       63%         1
 Summon Small Mammal      Summ           0%         N/A       63%         1
 Blink                    Tloc           0%         N/A       77%         2
 Call Imp                 Summ           0%         N/A       77%         2
 Call Canine Familiar     Summ           0%         N/A       94%         3
 Dazzling Flash           Conj/Hex       0%         N/A       94%         3
 Mephitic Cloud           Conj/Alch/Air  0%         N/A       94%         3
 Summon Blazeheart Golem  Fire/Summ      0%         N/A       100%        4
 Curse of Agony           Necr           0%         N/A       100%        5
 Silence                  Hex/Air        0%         N/A       100%        5


Dungeon Overview and Level Annotations

Branches:
Dungeon (6/15)
 Temple: D:4-7

Altars:
Ashenzari
Cheibriados
Fedhas
Gozag
Kikubaaqudgha
Sif Muna
Wu Jian
Xom
The Shining One

Shops:
D:1 :   D:3 *   D:5 =(:

Annotations:
D:2 1 runed translucent door, Crazy Yiuf
D:5 2 runed translucent doors, hattop's ghost, novice VSNe


Message History

You start resting.
A steam dragon is nearby!
You are too injured to fight recklessly!
Your +2 short sword of venom begins to drip with poison!
b - a +2 short sword of venom (weapon)
The steam dragon barely misses you. The steam dragon closely misses you.
You hit the steam dragon but do no damage.
The steam dragon bites you but does no damage.
The steam dragon claws you.
You hit the steam dragon.
The steam dragon bites you but does no damage.
The steam dragon claws you but does no damage.
You hit the steam dragon.
The steam dragon is poisoned.
The steam dragon bites you. The steam dragon claws you.
You barely miss the steam dragon. The steam dragon barely misses you.
The steam dragon claws you.
You closely miss the steam dragon. The steam dragon breathes steam at you.
The ball of steam hits you!!
* * * LOW HITPOINT WARNING * * *
You are engulfed in a cloud of scalding steam.
* * * LOW HITPOINT WARNING * * *
The steam dragon closely misses you. x2
Okay, then.
You hit the steam dragon but do no damage.
The steam dragon looks even sicker.
The steam dragon bites you but does no damage.
The steam dragon claws you.
* * * LOW HITPOINT WARNING * * *
You hit the steam dragon but do no damage.
The steam dragon looks as sick as possible!
The steam dragon bites you.
* * * LOW HITPOINT WARNING * * *
The steam dragon barely misses you. The steam dragon breathes steam at you.
The ball of steam hits you.
* * * LOW HITPOINT WARNING * * *
The steam dragon breathes steam at you. The ball of steam hits you!!
You die...

##.##......###.......>....##.
......##..###..............#.#
###....##......#.##.#......#
###....#...#.......##....###
#.........##...§.#.......#
#.............§D##......##
....#..........§##...####
....#...##...##§#...##
#..#...########.@.## ####...#
##..# # #...# #.## #...# ###
#####


There were no monsters in sight!

Vanquished Creatures
  A steam dragon (D:5)
  An ice beast (D:4)
  2 black bears (D:5)
  A phantom (D:5)
  3 scorpions
  2 necrophages (D:4)
  3 bombardier beetles
  A bullfrog zombie (D:4)
  A centaur zombie (D:4)
  A human zombie (D:4)
  3 hounds
  A bullfrog skeleton (D:4)
  4 jellies
  A centaur skeleton (D:4)
  2 iguanas (D:4)
  A scorpion zombie (D:4)
  A hound zombie (D:4)
  A hound skeleton (D:4)
  7 gnolls
  7 adders
  A howler monkey skeleton (D:4)
  An adder zombie (D:4)
  A dart slug (D:5)
  3 ribbon worms (D:2)
  4 orcs
  9 ball pythons
  5 bats
  12 endoplasms
  4 giant cockroaches
  8 goblins
  6 hobgoblins
  11 jackals
  A quokka (D:5)
  3 frilled lizards
  18 kobolds
  5 rats
136 creatures vanquished.

Notes
Turn   | Place    | Note
-------+----------+-------------------------------------------
     0 | D:1      | ragingrage the Hill Orc Hunter began the quest for the Orb.
     0 | D:1      | Reached XP level 1. HP: 18/18 MP: 1/1
   143 | D:1      | Reached skill level 4 in Ranged Weapons
   143 | D:1      | Reached XP level 2. HP: 25/25 MP: 2/2
   200 | D:1      | Found Togupradwu's Book Shop.
   454 | D:1      | Reached skill level 1 in Stealth
   466 | D:1      | Reached XP level 3. HP: 30/30 MP: 3/3
  1551 | D:2      | Reached XP level 4. HP: 37/37 MP: 4/4
  1595 | D:2      | Found a runed translucent door.
  1596 | D:2      | Noticed Crazy Yiuf
  2114 | D:3      | Found a shimmering blue altar of Sif Muna.
  2282 | D:3      | Found Loqakomm's General Store.
  2286 | D:3      | Bought a potion of heal wounds for 55 gold pieces
  2286 | D:3      | Bought a potion of curing for 33 gold pieces
  2634 | D:3      | Reached skill level 5 in Ranged Weapons
  2634 | D:3      | Reached XP level 5. HP: 35/45 MP: 5/5
  2690 | D:3      | Found a glowing golden altar of the Shining One.
  2690 | D:3      | Found a shimmering altar of Xom.
  2690 | D:3      | Found an opulent altar of Gozag.
  2690 | D:3      | Found an ornate altar of the Wu Jian Council.
  2690 | D:3      | Found an ornate altar of the Wu Jian Council.
  2690 | D:3      | Found a broken altar of Ashenzari.
  3301 | D:4      | Reached XP level 6. HP: 51/52 MP: 6/6
  3382 | D:4      | Noticed an ice beast
  3435 | D:3      | Reached skill level 6 in Ranged Weapons
  3504 | D:4      | Killed an ice beast
  3553 | D:4      | Found a snail-covered altar of Cheibriados.
  3564 | D:4      | Reached XP level 7. HP: 60/60 MP: 7/7
  3799 | D:4      | Reached skill level 5 in Fighting
  3932 | D:4      | Found a blossoming altar of Fedhas.
  3988 | D:4      | Reached skill level 7 in Ranged Weapons
  4090 | D:4      | Found an ancient bone altar of Kikubaaqudgha.
  4217 | D:5      | Entered Level 5 of the Dungeon
  4222 | D:5      | Found a large runed translucent door.
  4224 | D:5      | Found a large runed translucent door.
  4227 | D:5      | Noticed hattop's ghost (novice VSNe)
  4249 | D:5      | Reached XP level 8. HP: 68/68 MP: 8/8
  4257 | D:5      | Reached skill level 8 in Ranged Weapons
  4463 | D:5      | Reached skill level 9 in Ranged Weapons
  4560 | D:5      | Found Usunguig's Jewellery Shop.
  5726 | D:5      | Found Ymni Uto's Book Boutique.
  5761 | D:5      | Found Oppoxac's Weapon Emporium.
  6138 | D:5      | Killed from afar by a steam dragon

Illustrated notes

Levels and vault maps discovered:
D:1:      amcnicky_arrival_underground_garden, layout_loops_ring, serial_shops,
          shop, lemuel_flame_loot_1
D:2:      layout_loops_corners, uniq_crazy_yiuf_cottage
D:3:      cheibrodos_fertilizer, layout_loops_ring, general_overflow_altar,
          serial_shops, nicolae_shop_competitors_out_of_business
D:4:      layout_rooms, lemuel_mausoleum_altar_kikubaaqudgha,
          lemuel_round_altar, slow_altar_1
D:5:      kennysheep_steamy, layout_cave_pools, ebering_ghost_disaster_area,
          serial_shops, nicolae_shop_real_fake_doors, kennysheep_little_box,
          shop_statue
D:6:      layout_loops_ring, temple_doors_ab, serial_shops,
          nicolae_shop_industrial_runoff, nicolae_inconvenience_store,
          nicolae_diamond_shop, minmay_misc_feat_encased, uniq_maggie

Skill      XL: |  1  2  3  4  5  6  7  8 |
---------------+-------------------------+-----
Ranged Weapons | 4 5 6 7 9 |  9.9
Stealth        | 1 2 |  2.0
Fighting       | 3 4 5 |  5.0
Dodging        | |  1.5

Action                     |  1- 3 |  4- 6 |  7- 9 || total
---------------------------+-------+-------+-------++-------
  Melee: Short sword       |       |    62 |    96 ||   158
         Punch             |       |       |     1 ||     1
   Fire: Shortbow          |   114 |   114 |   226 ||   454
 Armour: Leather armour    |    32 |     5 |       ||    37
         Ring mail         |       |    55 |   185 ||   240
  Dodge: Dodged            |    20 |    72 |   121 ||   213

Table legend: (Time is in decaauts)
 A = Elapsed time spent in this place.
 B = Non-inter-level travel time spent in this place.
 C = Inter-level travel time spent in this place.
 D = Time resting spent in this place.
 E = Time spent auto-exploring this place.
 F = Levels seen in this place.
 G = Mean time per level.
                   A        B        C        D        E       F      G
               +--------+--------+--------+--------+--------+-----+--------+
         Total |   6202 |   5964 |    238 |   1366 |   3301 |   6 | 1033.7 |
       Dungeon |   6202 |   5964 |    238 |   1366 |   3301 |   6 | 1033.7 |
               +--------+--------+--------+--------+--------+-----+--------+

Top non-repeatable levels by time:
     D:4: 1552 daAuts
     D:3: 1376 daAuts
     D:2: 1290 daAuts
     D:5: 1283 daAuts
     D:1: 682 daAuts
     D:6: 16 daAuts
